 Dungeon Crawl Stone Soup version 0.23-a0-208-gb6b040f31c (webtiles) character file.

70520 Jesh the Unseen (level 14, -13/74 HPs)
             Began as a Spriggan Enchanter on Sept 25, 2018.
             Was a High Priest of Dithmenos.
             Killed by divine providence
             ... invoked by an orc priest
              (15 damage)
             ... on level 2 of the Orcish Mines.
             The game lasted 01:43:51 (28826 turns).

Jesh the Unseen (Spriggan Enchanter)               Turns: 28826, Time: 01:43:52

Health: -13/74     AC:  8    Str:  7    XL:     14   Next: 94%
Magic:  34/34      EV: 47    Int: 23    God:    Dithmenos [*****.]
Gold:   2589       SH:  0    Dex: 23    Spells: 26/38 levels left

rFire    . . .     SeeInvis +   L - +3 dagger (elec)
rCold    . . .     Gourm    .   (shield restricted)
rNeg     . . .     Faith    .   W - +1 robe of Yredelemnul's Hope {Dex+6 Slay+3}
rPois    .         Spirit   .   (helmet restricted)
rElec    .         Reflect  .   l - +2 cloak
rCorr    .         Harm     .   (gloves unavailable)
MR       ++++.                  (boots unavailable)
Stlth    ++++++++++             V - amulet of the acrobat
HPRegen  0.22/turn              P - +2 ring of protection
MPRegen  0.24/turn              J - ring of the Mage {Wiz MR++ Int+3}

@: wreathed by umbra, very quick
A: very small, unfitting armour, antennae 1, see invisible, clever 1, herbivore,
speed 3, high mp 1, slow metabolism 2
a: Shadow Step, Shadow Form, Renounce Religion


You were on level 2 of the Orcish Mines.
You worshipped Dithmenos.
Dithmenos was extremely pleased with you.
You were not hungry.

You visited 4 branches of the dungeon, and saw 23 of its levels.

You collected 2589 gold pieces.

Inventory:

Hand Weapons
 L - a +3 dagger of electrocution (weapon)
 M - a +6 short sword
Armour
 l - a +2 cloak (worn)
 s - a +2 robe of fire resistance
 G - a +1 robe of cold resistance
 K - a scarf of resistance
 W - the +1 robe of Yredelemnul's Hope (worn) {Dex+6 Slay+3}
   (You found it on level 6 of the Lair of Beasts)

   It affects your dexterity (+6).
   It affects your accuracy and damage with ranged weapons and melee attacks
   (+3).
 Y - a +2 robe of fire resistance
Jewellery
 b - a +2 ring of evasion
 i - a +2 ring of dexterity
 r - an uncursed ring of positive energy
 u - a +3 ring of intelligence
 C - an uncursed ring of protection from magic
 H - an uncursed ring of stealth
 J - the ring of the Mage (right hand) {Wiz MR++ Int+3}
   (You found it on level 6 of the Lair of Beasts)

   [ring of wizardry]

   It improves your spell success rate.
   It affects your intelligence (+3).
   It affects your resistance to hostile enchantments.
 P - a +2 ring of protection (left hand)
 Q - an uncursed ring of protection from cold
 T - an uncursed ring of flight
 V - an amulet of the acrobat (around neck)
Wands
 c - a wand of digging (23)
 e - a wand of polymorph (26)
 f - a wand of random effects (23)
 m - a wand of flame (3)
 x - a wand of scattershot (8)
 y - a wand of paralysis (38)
 z - a wand of iceblast (1)
 B - a wand of acid (3)
Scrolls
 h - 10 scrolls of identify
 n - 12 scrolls of remove curse
 w - 4 scrolls of magic mapping
 A - a scroll of fear
 D - 3 scrolls of teleportation
 E - a scroll of enchant armour
 F - a scroll of brand weapon
 N - a scroll of immolation
 O - a scroll of amnesia
 S - a scroll of vulnerability
 U - a scroll of blinking
Potions
 a - a potion of heal wounds
 g - a potion of flight
 j - a potion of haste
 k - 7 potions of curing
 o - 2 potions of lignification
 p - a potion of resistance
 q - 2 potions of cancellation
 t - a potion of ambrosia
 v - 4 potions of brilliance
 I - a potion of agility
 R - a potion of magic
Miscellaneous
 X - a lightning rod (4/4)
Comestibles
 d - 30 rations


   Skills:
 + Level 8.4 Fighting
 + Level 11.0 Short Blades
 + Level 13.9 Dodging
 + Level 20.7 Stealth
 + Level 12.7 Spellcasting
 + Level 12.9 Hexes


You had 26 spell levels left.
You knew the following spells:

 Your Spells              Type           Power        Failure   Level  Hunger
a - Ensorcelled Hibernat  Hex/Ice        #####.       1%          2    None
b - Corona                Hex            ######.      0%          1    None
c - Confuse               Hex            ######..     1%          3    None
d - Tukima's Dance        Hex            ######..     1%          3    None
e - Dazzling Spray        Conj/Hex       #####.       1%          3    None

Your spell library contained the following spells:

 Spells                   Type           Power        Failure   Level  Hunger
 Infusion                 Chrm           ##..         1%          1    None
 Shock                    Conj/Air       ##..         1%          1    None
 Summon Small Mammal      Summ           ##..         1%          1    None
 Spectral Weapon          Hex/Chrm       #####...     1%          3    None
 Shroud of Golubria       Chrm/Tloc      ##........   2%          2    None
 Song of Slaying          Chrm           ##......     2%          2    None
 Swiftness                Chrm/Air       ##......     2%          2    None
 Recall                   Summ/Tloc      N/A          5%          3    None
 Regeneration             Chrm/Necr      ##........   5%          3    None
 Static Discharge         Conj/Air       ##......     5%          3    None
 Airstrike                Air            ##........   16%         4    None
 Animate Dead             Necr           N/A          16%         4    None
 Summon Lightning Spire   Summ/Air       ##......     16%         4    None
 Borgnjor's Vile Clutch   Necr/Erth      ##........   41%         5    ###....
 Irradiate                Conj/Tmut      ##........   41%         5    ###....
 Lightning Bolt           Conj/Air       ##........   41%         5    ###....
 Summon Forest            Summ/Tloc      ##........   41%         5    ###....
 Death Channel            Necr           ##........   92%         6    #####..
 Hydra Form               Tmut           ##........   92%         6    #####..
 Simulacrum               Ice/Necr       ##........   92%         6    #####..
 Statue Form              Tmut/Erth      ##.......    92%         6    #####..
 Dragon Form              Tmut           ##........   100%        7    ######.
 Spellforged Servitor     Conj/Summ      ##........   100%        7    ######.


Dungeon Overview and Level Annotations

Branches:
Dungeon (14/15)            Temple (1/1) D:5            Lair (6/6) D:8
 Shoals (0/4) Lair:3        Snake (0/4) Lair:4        Slime (0/5) Lair:5
    Orc (2/2) D:9             Elf (0/3) Orc:2        Vaults (0/5) D:13

Altars:
Ashenzari
Cheibriados
Dithmenos
Elyvilon
Fedhas
Gozag
Hepliaklqana
Kikubaaqudgha
Makhleb
Nemelex Xobeh
Okawaru
Qazlal
Ru
Sif Muna
Trog
Uskayaw
Vehumet
Wu Jian
Xom
Yredelemnul
Zin
The Shining One
Beogh

Shops:
D:5 %   D:7 :

Annotations:
Orc:2 Saint Roka


Innate Abilities, Weirdness & Mutations

You are very small and have problems with some larger weapons.
You are too small for most types of armour.
You have supernaturally acute eyesight. (SInv)
You are a herbivore.
You cover ground extremely quickly.
You need to consume almost no food.
You have a pair of small antennae on your head.
Your mind is acute. (Int +2)
You have an increased reservoir of magic. (+10% MP)


Message History

* * * LOW HITPOINT WARNING * * *
The orc priest calls down the wrath of Beogh upon you.
Beogh smites you!
* * * LOW HITPOINT WARNING * * *
The orc wizard looks braver for a moment.
You hear a shout!
You feel much better.
Saint Roka mumbles some strange prayers to Beogh against you.
Beogh smites you!
* * * LOW HITPOINT WARNING * * *
The orc warrior completely misses you.
The orc sorcerer casts a spell.
The crimson imp blinks!
Saint Roka mumbles some strange prayers to Beogh against you.
Beogh smites you!
* * * LOW HITPOINT WARNING * * *
Unknown command.
The orc priest invokes the aid of Beogh against you.
Beogh smites you!
You die...

............#### ######....#...
.............# ##.##.##.##.#..
............## ##.......##.....
.............#####...##....#.....
........)...###.#...###..........
......##....#......###...........
.....###.#)........###...........
...<..#...#.#......#.#...........
.......#.####...@................
...##.#### ##.....#.#####.......
...#...# #..o..### #.......
....#.## #8o.o8# #....... ...####
.


#oooho# . ....#.## #...#4oo..#...# ...[.$.# #....54o.o..# ...#...# ##o...5oo5o##
...##....8.....o.......8 You could see Saint Roka (inner flame), 2 orc knights,
an orc high priest (inner flame), a hellwing, an ice devil, a warg (inner
flame), 4 orc warriors, 2 orc priests, 3 orc wizards, a crimson imp, a white
imp, a shadow imp and 2 orcs.

Vanquished Creatures
  Kirke (Lair:5)
  Fannar (D:11)
  An ice dragon (Lair:5)
  4 hydras
  4 catoblepae
  A death knight (D:11)
  4 two-headed ogres
  2 tengu warriors (D:13)
  13 death yaks
  Sonja (D:12)
  Nergalle (Lair:2)
  3 skeletal warriors (D:11)
  An unseen horror (D:13)
  A glowing orange brain (shapeshifter) (D:14)
  An orc knight (D:13)
  A deep elf mage (D:13)
  A wolf spider (D:13)
  2 cyclopes (D:13)
  An orc sorcerer (Orc:2)
  4 oklob plants (Lair:6)
  3 manticores
  10 elephants
  A centaur zombie (D:13)
  4 black mambas
  10 spiny frogs
  Psyche (D:11)
  3 kobold demonologists (D:14)
  4 yaktaurs (D:12)
  3 rime drakes
  7 komodo dragons
  3 polar bears
  7 trolls
  Prince Ribbit (D:6)
  3 blink frogs (Lair:1)
  3 shadows
  11 hippogriffs
  4 slime creatures (D:14)
  A vampire (D:14)
  2 wraiths
  4 hogs (D:7)
  3 wyverns
  A basilisk (Lair:2)
  39 yaks
  A human (D:7)
  2 hungry ghosts (D:14)
  A steam dragon (D:11)
  4 vampire mosquitoes (D:13)
  2 wargs
  A soldier ant (shapeshifter) (D:13)
  14 water moccasins
  Duvessa (D:6)
  7 porcupines
  21 orc warriors
  3 sky beasts
  5 black bears
  3 ice beasts
  2 necrophages
  2 phantoms
  7 ogres
  An eye of draining (D:11)
  10 centaurs
  7 crocodiles
  2 big kobolds
  Blork the orc (D:6)
  10 bullfrogs
  A wyvern zombie (D:8)
  Dowan (D:6)
  3 scorpions
  4 killer bees (D:11)
  4 wights
  2 electric eels
  5 howler monkeys
  A quasit (D:6)
  4 bullfrog zombies
  8 crimson imps
  13 hounds
  Crazy Yiuf (D:3)
  16 jellies
  A gnoll shaman (D:7)
  19 orc priests
  6 centaur skeletons
  19 orc wizards
  3 iguanas
  Natasha (thrice) (D:3)
  8 worker ants
  A hound zombie (D:11)
  2 hound skeletons
  A howler monkey zombie (D:10)
  7 gnolls
  22 adders
  2 shadow imps
  3 white imps (Lair:5)
  4 oozes
  2 adder skeletons (D:4)
  2 dart slugs
  8 leopard geckos
  83 orcs
  3 giant cockroaches (D:2)
  3 goblins
  6 hobgoblins
  6 jackals
  22 kobolds
  6 quokkas
  4 ball pythons
  3 bats
  3 frilled lizards
  2 jackal skeletons
  2 leopard gecko skeletons
  A quokka skeleton (D:5)
  8 rats
  A fungus (Lair:6)
612 creatures vanquished.

Vanquished Creatures (collateral kills)
  A vault guard (D:13)
  A yak (Lair:6)
  2 gnolls (D:3)
4 creatures vanquished.

Vanquished Creatures (others)
  A dancing weapon (D:13)
  A human (Lair:5)
  3 fungi
  5 plants
10 creatures vanquished.

Grand Total: 626 creatures vanquished

Notes
Turn   | Place    | Note
-------+----------+-------------------------------------------
     0 | D:1      | Jesh the Spriggan Enchanter began the quest for the Orb.
     0 | D:1      | Reached XP level 1. HP: 9/9 MP: 5/5
   336 | D:1      | Reached XP level 2. HP: 13/13 MP: 7/7
   340 | D:1      | Learned a level 2 spell: Ensorcelled Hibernation
  1247 | D:2      | Found a shattered altar of Ashenzari.
  1352 | D:2      | Reached XP level 3. HP: 16/16 MP: 3/9
  1357 | D:2      | Learned a level 3 spell: Confuse
  1361 | D:2      | Learned a level 3 spell: Tukima's Dance
  2070 | D:2      | Gained mutation: You are partially covered in yellow
                  | scales. (AC +2) [potion of mutation]
  2070 | D:2      | Gained mutation: You are partially covered in thin metallic
                  | scales. (AC +2) [potion of mutation]
  2070 | D:2      | Gained mutation: You are weak. (Str -2) [potion of
                  | mutation]
  2070 | D:2      | Gained mutation: You have an increased reservoir of magic.
                  | (+10% MP) [potion of mutation]
  2099 | D:2      | Found a hazy altar of Hepliaklqana.
  2370 | D:2      | Reached XP level 4. HP: 21/21 MP: 12/12
  2621 | D:3      | Noticed Natasha
  2660 | D:3      | Killed Natasha
  2660 | D:3      | Reached skill level 5 in Hexes
  2973 | D:3      | Reached XP level 5. HP: 24/24 MP: 1/14
  2978 | D:3      | Reached skill level 5 in Spellcasting
  3176 | D:3      | Learned a level 3 spell: Dazzling Spray
  3472 | D:3      | Noticed Natasha
  3482 | D:3      | Killed Natasha
  3482 | D:3      | Reached skill level 5 in Stealth
  3499 | D:3      | Noticed Natasha
  3730 | D:3      | Found a runed door.
  3734 | D:3      | Noticed Crazy Yiuf
  3738 | D:3      | Killed Crazy Yiuf
  3738 | D:3      | Reached skill level 6 in Stealth
  3797 | D:3      | Found a bloodstained altar of Trog.
  4040 | D:3      | Killed Natasha
  4119 | D:4      | Reached skill level 7 in Stealth
  4119 | D:4      | Reached XP level 6. HP: 28/28 MP: 15/15
  4364 | D:4      | Reached skill level 8 in Stealth
  4443 | D:4      | Lost mutation: You are weak. (Str -2) [potion of mutation]
  4443 | D:4      | Lost mutation: You are partially covered in thin metallic
                  | scales. (AC +2) [potion of mutation]
  4443 | D:4      | Lost mutation: You are partially covered in yellow scales.
                  | (AC +2) [potion of mutation]
  4443 | D:4      | Gained mutation: Your mind is acute. (Int +2) [potion of
                  | mutation]
  4443 | D:4      | Gained mutation: You have a pair of small antennae on your
                  | head. [potion of mutation]
  4635 | D:4      | Reached skill level 9 in Stealth
  4795 | D:4      | Reached XP level 7. HP: 32/32 MP: 11/17
  4838 | D:4      | Reached skill level 10 in Stealth
  5017 | D:5      | Entered Level 5 of the Dungeon
  5051 | D:5      | Found a sparkling altar of Nemelex Xobeh.
  5058 | D:5      | Found Nicsy's Food Emporium.
  5398 | D:5      | Found a staircase to the Ecumenical Temple.
  5440 | Temple   | Entered the Ecumenical Temple
  5620 | Temple   | Became a worshipper of Dithmenos the Shadowed
  6290 | D:5      | Reached skill level 11 in Stealth
  6486 | D:5      | Reached skill level 12 in Stealth
  6685 | D:5      | Reached XP level 8. HP: 29/36 MP: 15/18
  6891 | D:6      | Reached skill level 13 in Stealth
  6928 | D:6      | Noticed Prince Ribbit
  6937 | D:6      | Killed Prince Ribbit
  6994 | D:6      | Reached skill level 14 in Stealth
  7165 | D:6      | Reached * piety under Dithmenos
  7570 | D:6      | Reached skill level 15 in Stealth
  7757 | D:6      | Noticed Duvessa
  7765 | D:6      | Killed Duvessa
  7765 | D:6      | Noticed Dowan
  7768 | D:6      | Killed Dowan
  7771 | D:6      | Reached XP level 9. HP: 39/39 MP: 12/19
  8056 | D:6      | Noticed Blork the orc
  8063 | D:6      | Killed Blork the orc
  8063 | D:6      | Reached skill level 16 in Stealth
  8269 | D:7      | Reached ** piety under Dithmenos
  8332 | D:7      | Reached skill level 1 in Fighting
  9058 | D:7      | Reached skill level 5 in Dodging
  9292 | D:7      | Found Taerat's Book Boutique.
  9776 | D:8      | Noticed a two-headed ogre
  9881 | D:8      | Killed a two-headed ogre
  9881 | D:8      | Reached XP level 10. HP: 47/47 MP: 16/23
 10074 | D:8      | Found a burning altar of Makhleb.
 10074 | D:8      | Found an ancient bone altar of Kikubaaqudgha.
 10075 | D:8      | Found a basalt altar of Yredelemnul.
 10116 | D:8      | Reached *** piety under Dithmenos
 10544 | D:8      | Found a staircase to the Lair.
 10590 | D:8      | Reached skill level 17 in Stealth
 10890 | D:9      | Found a staircase to the Orcish Mines.
 11480 | D:10     | Entered Level 10 of the Dungeon
 11641 | D:10     | Noticed a two-headed ogre
 11647 | D:10     | Killed a two-headed ogre
 11647 | D:10     | Reached skill level 5 in Short Blades
 11785 | D:10     | Reached **** piety under Dithmenos
 12090 | D:10     | Reached XP level 11. HP: 23/53 MP: 14/26
 12710 | D:11     | Noticed a skeletal warrior
 12711 | D:11     | Noticed a skeletal warrior
 12711 | D:11     | Noticed a skeletal warrior
 13032 | D:11     | Killed a skeletal warrior
 13179 | D:11     | Noticed a death knight
 13422 | D:11     | Killed a death knight
 13581 | D:11     | Noticed Fannar
 13635 | D:11     | Killed a skeletal warrior
 13758 | D:11     | Killed Fannar
 13808 | D:11     | Killed a skeletal warrior
 13913 | D:11     | Reached ***** piety under Dithmenos
 14026 | D:11     | Noticed Psyche
 14033 | D:11     | Killed Psyche
 14049 | D:11     | Reached skill level 18 in Stealth
 14730 | D:12     | Reached skill level 5 in Fighting
 15058 | D:12     | Reached XP level 12. HP: 16/60 MP: 12/28
 15434 | D:12     | Noticed Sonja
 15443 | D:12     | Killed Sonja
 15470 | D:12     | Noticed a two-headed ogre
 15495 | D:12     | Killed a two-headed ogre
 15936 | D:13     | Reached skill level 10 in Dodging
 16085 | D:13     | Reached skill level 10 in Hexes
 16100 | D:13     | Noticed a vault guard
 16120 | D:13     | Killed a vault guard
 16506 | D:13     | Reached skill level 10 in Spellcasting
 16544 | D:13     | Noticed a tengu warrior
 16553 | D:13     | Killed a tengu warrior
 16596 | D:13     | Found a gate to the Vaults.
 16963 | D:13     | Noticed a tengu warrior
 16986 | D:13     | Killed a tengu warrior
 17788 | D:14     | Reached skill level 19 in Stealth
 17833 | D:14     | Reached XP level 13. HP: 61/65 MP: 16/31
 19342 | Lair:1   | Entered Level 1 of the Lair of Beasts
 19426 | Lair:1   | Found a hazy altar of Hepliaklqana.
 20867 | Lair:2   | Noticed Nergalle
 20889 | Lair:2   | Killed Nergalle
 21352 | Lair:3   | Found a staircase to the Shoals.
 22631 | Lair:4   | Found a staircase to the Snake Pit.
 22688 | Lair:4   | Identified Sif Muna's Incunabulum of the Escort
 23442 | Lair:5   | Found a staircase to the Slime Pits.
 23491 | Lair:5   | Reached XP level 14. HP: 67/72 MP: 28/33
 23521 | Lair:5   | Reached skill level 10 in Short Blades
 23693 | Lair:5   | Noticed Kirke
 23713 | Lair:5   | Noticed a sphinx
 23713 | Lair:5   | Killed Kirke
 23713 | Lair:5   | Reached skill level 20 in Stealth
 24286 | Lair:6   | Entered Level 6 of the Lair of Beasts
 27120 | Lair:6   | Found the ring of the Mage {Wiz MR++ Int+3}
 27130 | Lair:6   | Got a distressingly furry robe
 27135 | Lair:6   | Identified the +1 robe of Yredelemnul's Hope {Dex+6 Slay+3}
                  | (You found it on level 6 of the Lair of Beasts)
 27603 | Orc:1    | Entered Level 1 of the Orcish Mines
 27880 | Orc:2    | Entered Level 2 of the Orcish Mines
 27880 | Orc:2    | Found a staircase to the Elven Halls.
 28345 | Orc:2    | Found a roughly hewn altar of Beogh.
 28814 | Orc:2    | Found a roughly hewn altar of Beogh.
 28814 | Orc:2    | Noticed Saint Roka
 28825 | Orc:2    | HP: 2/74 [Saint Roka/divine providence (13)]
 28826 | Orc:2    | Killed from afar by an orc priest

Vault maps used:
D:1:      scummos_arrival_checkerplants, minmay_misc_feat_four_crosses
D:2:      nicolae_overflow_hidden_temple, ashenzari_altar_1, minmay_tetromino_s4
D:3:      cheibrodos_old_hovel, lemuel_statue_altar, uniq_crazy_yiuf_cottage,
          uniq_natasha
D:5:      nemelex_xobeh_ov_fountains_minmay, temple_fountains, serial_shops,
          shop_fountains, first_ration, st_stairs_3, hangedman_decor_push
D:6:      minivault_19, minmay_lizard_king, uniq_prince_ribbit1,
          uniq_blork_the_orc, uniq_duvessa
D:7:      serial_shops, kennysheep_mini_moat, st_stairs_11, grunt_livestock
D:8:      gammafunk_temple_overflow_claw, david_lair_shrubbed
D:9:      orc_0_dummy
D:11:     uniq_psyche, uniq_fannar
D:12:     uniq_sonja
D:13:     david_vaults_5, kb_rosetta
D:14:     nicolae_two_hexagons
Temple:   regret_index_temple_sphere_string
Lair:1:   basic_altar, gammafunk_lair_bear_cave
Lair:2:   uniq_nergalle
Lair:3:   minmay_shoals_entry_centaurs, infiniplex_staircase_pool_2,
          lemuel_fruit_tree, grunt_megastairs_3
Lair:4:   minmay_snake_entry_six_corridors
Lair:5:   minmay_slime_entry_jelly_boxes, nicolae_lair_grove_arrangements,
          bobbens_ice_dragon_lair, uniq_kirke
Lair:6:   evilmike_catoblepas_cave, small_statue_intersection,
          minmay_lair_oklob_chamber, serial_bayou_shore_a
Orc:2:    grunt_orc_cross, mines1_david

Skill      XL: |  1  2  3  4  5  6  7  8  9 10 11 12 13 14 |
---------------+-------------------------------------------+-----
Spellcasting   | 3 4 5 6 7 9 10 11 12 | 12.7
Hexes          | 4 5 7 8 9 10 11 12 | 12.9
Stealth        | 7 9 12 15 16 17 18 19 20 | 20.7
Fighting       | 2 3 5 6 7 8 |  8.4
Short Blades   | 3 5 7 8 9 11 | 11.0
Dodging        | 5 7 9 11 12 13 | 13.9

Action                   |  1- 3 |  4- 6 |  7- 9 | 10-12 | 13-15 || total
-------------------------+-------+-------+-------+-------+-------++-------
Melee: Dagger            |   136 |   114 |       |       |   487 ||   737
       Short sword       |       |    24 |   282 |   522 |     8 ||   836
Throw: Throwing net      |       |       |       |     2 |       ||     2
 Cast: Corona            |     4 |     2 |       |       |       ||     6
       Ensorcelled Hiber |    22 |    23 |    82 |    80 |   100 ||   307
       Confuse           |       |    14 |    12 |    63 |    32 ||   121
       Tukima's Dance    |       |     3 |     1 |     4 |       ||     8
       Dazzling Spray    |       |     1 |       |    28 |    45 ||    74
Invok: Shadow Step       |       |       |       |       |     6 ||     6
Evoke: Wand              |       |     2 |     1 |    26 |     3 ||    32
       Box of beasts     |       |       |       |       |     2 ||     2
  Use: Scroll            |     6 |     3 |     7 |     8 |    12 ||    36
       Potion            |     1 |     2 |     2 |     3 |     2 ||    10
 Stab: Sleeping          |    17 |    21 |    64 |    96 |   145 ||   343
       Confused          |       |     4 |     9 |    42 |    19 ||    74
       Invisible         |       |     1 |       |     8 |    12 ||    21
       Held in net/web   |       |       |       |     1 |       ||     1
       Distracted        |       |       |       |     1 |     9 ||    10
  Eat: Ration            |       |     3 |     3 |     4 |     5 ||    15
Armor: Robe              |     9 |    18 |    13 |    15 |    26 ||    81
       Skin              |       |     8 |       |       |       ||     8
Dodge: Dodged            |   111 |    89 |   212 |   319 |   392 ||  1123

Table legend:
 A = Non-vault XP
 B = Vault XP
 C = Vault XP percentage of total XP
 D = Non-vault monster count
 E = Vault monster count
 F = Vault count percentage of total count
                 A         B        C        D         E       F
            +---------+---------+-------+---------+---------+-------
      Total |   66599 |   34145 |  33.9 |     497 |     118 |  19.2
            +---------+---------+-------+---------+---------+-------
        D:1 |      25 |       0 |   0.0 |      15 |       0 |   0.0
        D:2 |      68 |       4 |   5.6 |      23 |       2 |   8.0
        D:3 |     193 |      81 |  29.6 |      22 |       3 |  12.0
        D:4 |     472 |       0 |   0.0 |      18 |       0 |   0.0
        D:5 |     569 |       1 |   0.2 |      25 |       1 |   3.8
        D:6 |    1014 |     651 |  39.1 |      26 |      12 |  31.6
        D:7 |     730 |    1127 |  60.7 |      17 |       7 |  29.2
        D:8 |    2554 |     350 |  12.1 |      35 |       1 |   2.8
        D:9 |     993 |       0 |   0.0 |      24 |       0 |   0.0
       D:10 |    2792 |       0 |   0.0 |      36 |       0 |   0.0
       D:11 |    5976 |    1412 |  19.1 |      29 |       2 |   6.5
       D:12 |    5038 |     814 |  13.9 |      26 |       1 |   3.7
       D:13 |    6654 |    5260 |  44.1 |      34 |      13 |  27.7
       D:14 |    7017 |       0 |   0.0 |      42 |       0 |   0.0
     Temple |      14 |       0 |   0.0 |       1 |       0 |   0.0
     Lair:1 |    5223 |     487 |   8.5 |      19 |       3 |  13.6
     Lair:2 |    1571 |     808 |  34.0 |       8 |       1 |  11.1
     Lair:3 |    6704 |     963 |  12.6 |      23 |       6 |  20.7
     Lair:4 |    2453 |    1576 |  39.1 |       9 |      12 |  57.1
     Lair:5 |    6520 |    3707 |  36.2 |      16 |      18 |  52.9
     Lair:6 |    8763 |   15919 |  64.5 |      23 |      32 |  58.2
      Orc:1 |    1082 |       0 |   0.0 |      23 |       0 |   0.0
      Orc:2 |     174 |     985 |  85.0 |       3 |       4 |  57.1
            +---------+---------+-------+---------+---------+-------
